 Dungeon Crawl Stone Soup version 0.28-a0-1159-g27aa881441 (webtiles) character file.

Game seed: 16456164543941608181

378370 dolemite99 the Sculptor of Flesh (level 22, -2/220 HPs)
             Began as a Hill Orc Fighter on Dec 14, 2021.
             Was an Initiate of Yredelemnul.
             Killed from afar by a Brimstone Fiend (23 damage)
             ... with damnation
             ... summoned by a deep elf demonologist
             ... on level 3 of the Elven Halls on Dec 16, 2021.
             The game lasted 02:19:55 (55119 turns).

dolemite99 the Sculptor of Flesh (HOFi)            Turns: 55119, Time: 02:19:56

Health: -2/220     AC: 42    Str: 28    XL:     22   Next: 83%
Magic:  37/37      EV:  6    Int:  8    God:    Yredelemnul [......]
Gold:   895        SH: 21    Dex: 12    Spells: 21/21 levels left

rFire   + . .      SeeInvis +   a - +8 broad axe (drain)
rCold   + . .      Faith    +   K - +0 tower shield
rNeg    . . .      Spirit   .   p - +7 crystal plate armour "Dampidde" {Contam Rampage rElec Regen+}
rPois   .          Reflect  .   t - +1 hat {SInv}
rElec   +          Harm     .   B - scarf {rC+ rF+}
rCorr   .          Rampage  +   y - +2 pair of gloves
Will    ++...                   (no boots)
Stlth   ..........              h - amulet of faith
HPRegen 0.00/turn               k - ring of willpower
MPRegen 0.25/turn               S - +4 ring of protection {=R}

@: inhibited regen
A: inhibited regeneration
}: 2/15 runes: barnacled, gossamer
a: Renounce Religion, Recall Undead Harvest


You were on level 3 of the Elven Halls.
You worshipped Yredelemnul.
Yredelemnul was greatly pleased with you.
You visited 9 branches of the dungeon, and saw 42 of its levels.
You also visited: Ossuary.

You collected 5105 gold pieces.
You spent 4210 gold pieces at shops.

Inventory:

Hand Weapons
 a - a +8 broad axe of draining (weapon)
 b - the +4 hunting sling "Pisucs" {flame, rCorr Int+3 Dex+4}
   (You found it on level 13 of the Dungeon)

   Any ammunition fired from it burns those it strikes, dealing additional fire
   damage.
   Int:       It affects your intelligence (+3).
   Dex:       It affects your dexterity (+4).
   rCorr:     It protects you from acid and corrosion.
 x - a +1 broad axe of freezing
Missiles
 d - 10 throwing nets
 g - 107 poisoned darts (quivered)
 m - 10 atropa-tipped darts
 v - 87 sling bullets
 R - 17 silver javelins
 V - 5 curare-tipped darts
Armour
 p - the +7 crystal plate armour "Dampidde" (worn) {Contam Rampage rElec Regen+}
   (You found it on level 3 of the Lair of Beasts)

   rElec:     It insulates you from electricity.
   Contam:    It causes magical contamination when unequipped.
   Regen:     It increases your rate of health regeneration.
   Rampage:   It bestows one free step when moving towards enemies.
 t - a +1 hat of see invisible (worn)
 y - a +2 pair of gloves (worn)
 B - a scarf of resistance (worn)
 K - a +0 tower shield (worn)
Magical Staves
 Q - a staff of cold
Jewellery
 e - a +6 ring of strength
 h - an amulet of faith (around neck)
 k - a ring of willpower (left hand)
 n - the amulet "Nofud" {RegenMP rPois rF+ rN+ Str-3}
   (You bought it in a shop on level 1 of the Depths)

   [amulet of magic regeneration]

   It increases your rate of magic regeneration.
   Str:       It affects your strength (-3).
   rF:        It protects you from fire.
   rPois:     It protects you from poison.
   rN:        It protects you from negative energy.
 r - a ring of protection from cold
 u - a +4 ring of evasion
 w - the ring "Usueseyt" {rCorr Int+6}
   (You acquired it on level 3 of the Spider Nest)

   [ring of intelligence]

   Int:       It affects your intelligence (+6).
   rCorr:     It protects you from acid and corrosion.
 A - a ring of protection from fire
 I - the amulet "Aqockuth" {Will+ Regen+}
   (You bought it in a shop on level 2 of the Orcish Mines)

   [amulet of regeneration]

   Regen:     It increases your rate of health regeneration.
   Will:      It increases your willpower.
 L - the ring of Qecwotha {Dex+3 Slay+4}
   (You bought it in a shop on level 2 of the Orcish Mines)

   [ring of slaying]

   Dex:       It affects your dexterity (+3).
   Slay:      It affects your accuracy & damage with ranged weapons and melee
   (+4).
 O - a ring of protection from fire
 S - a +4 ring of protection (right hand) {=R}
 T - an amulet of reflection
 W - a ring of fire
Wands
 i - a wand of charming (3)
 s - a wand of flame (16)
 C - a wand of paralysis (3)
 F - a wand of iceblast (2)
 P - a wand of polymorph (14)
 Z - a wand of digging (15)
Scrolls
 c - 2 scrolls of enchant weapon
 f - 6 scrolls of teleportation
 l - 3 scrolls of amnesia
 D - a scroll of brand weapon
 G - a scroll of enchant armour
 J - 32 scrolls of identify {@r1}
Potions
 j - 2 potions of curing
 q - 6 potions of mutation
 z - 8 potions of attraction
 E - 6 potions of ambrosia
 H - 4 potions of brilliance
 N - 7 potions of magic
 U - a potion of heal wounds
 X - a potion of cancellation
Miscellaneous
 o - a phial of floods
 M - a lightning rod (1/4)
 Y - a tin of tremorstones (1/2)


   Skills:
 - Level 23.4 Fighting
 - Level 18.0 Axes
 - Level 4.0(7.9) Slings
 + Level 10.7(11.0) Throwing
 - Level 19.2 Armour
 - Level 20.8 Shields
 - Level 23.6 Invocations
 - Level 6.0 Evocations


You had 21 spell levels left.
You didn't know any spells.
Your spell library contained the following spells:

 Spells                   Type           Power      Damage    Failure   Level
 Apportation              Tloc           0%         N/A       100%        1
 Magic Dart               Conj           0%         1d3       100%        1
 Sandblast                Erth           0%         2d4       100%        1
 Shock                    Conj/Air       0%         1d3       100%        1
 Summon Small Mammal      Summ           0%         N/A       100%        1
 Blink                    Tloc           0%         N/A       100%        2
 Corpse Rot               Necr/Air       0%         N/A       100%        2
 Ensorcelled Hibernation  Hex/Ice        0%         N/A       100%        2
 Passwall                 Tmut/Erth      0%         N/A       100%        2
 Scorch                   Fire           0%         2d5       100%        2
 Searing Ray              Conj           0%         2d4       100%        2
 Static Discharge         Conj/Air       0%         N/A       100%        2
 Call Canine Familiar     Summ           0%         N/A       100%        3
 Conjure Flame            Conj/Fire      0%         6-21      100%        3
 Dazzling Flash           Conj/Hex       0%         N/A       100%        3
 Ignite Poison            Fire/Tmut/Pois 0%         N/A       100%        3
 Lesser Beckoning         Tloc           0%         N/A       100%        3
 Spider Form              Tmut/Pois      0%         N/A       100%        3
 Stone Arrow              Conj/Erth      0%         3d7       100%        3
 Summon Guardian Golem    Hex/Summ       0%         N/A       100%        3
 Swiftness                Air            0%         N/A       100%        3
 Airstrike                Air            0%         N/A       100%        4
 Animate Armour           Summ/Erth      0%         N/A       100%        4
 Animate Dead             Necr           0%         N/A       100%        4
 Dispel Undead            Necr           0%         3d6       100%        4
 Flame Wave               Conj/Fire      0%         2d4       100%        4
 Fulminant Prism          Conj/Hex       0%         3d6       100%        4
 Iskenderun's Mystic Bla  Conj/Tloc      0%         2d3       100%        4
 Sticky Flame             Conj/Fire      0%         2d3       100%        4
 Summon Ice Beast         Ice/Summ       0%         N/A       100%        4
 Summon Lightning Spire   Summ/Air       0%         N/A       100%        4
 Agony                    Necr           0%         N/A       100%        5
 Alistair's Intoxication  Tmut/Pois      0%         N/A       100%        5
 Blade Hands              Tmut           0%         N/A       100%        5
 Borgnjor's Vile Clutch   Necr/Erth      0%         N/A       100%        5
 Fireball                 Conj/Fire      0%         3d3       100%        5
 Irradiate                Conj/Tmut      0%         3d13      100%        5
 Iskenderun's Battlesphe  Conj           0%         2d6       100%        5
 Manifold Assault         Tloc           0%         N/A       100%        5
 Silence                  Hex/Air        0%         N/A       100%        5
 Summon Mana Viper        Hex/Summ       0%         N/A       100%        5
 Eringya's Noxious Bog    Tmut/Pois      0%         N/A       100%        6
 Iron Shot                Conj/Erth      0%         9d1       100%        6
 Starburst                Conj/Fire      0%         6d3       100%        6
 Summon Cactus Giant      Summ           0%         N/A       100%        6
 Dragon Form              Tmut           0%         N/A       100%        7
 Haunt                    Necr/Summ      0%         N/A       100%        7
 Monstrous Menagerie      Summ           0%         N/A       100%        7
 Spellforged Servitor     Conj/Summ      0%         N/A       100%        7
 Storm Form               Tmut/Air       0%         N/A       100%        7
 Ignition                 Fire           0%         3d3       100%        8
 Infestation              Necr           0%         N/A       100%        8
 Lehudib's Crystal Spear  Conj/Erth      0%         10d2      100%        8
 Maxwell's Capacitive Co  Air            0%         ∞         100%        8
 Death Channel            Necr           Unusable   N/A       N/A         6

Dungeon Overview and Level Annotations

Branches:
Dungeon (15/15)            Temple (1/1) D:5            Lair (6/6) D:9
 Shoals (4/4) Lair:4       Spider (4/4) Lair:2        Slime (0/5) Lair:5
    Orc (2/2) D:11            Elf (3/3) Orc:2        Vaults (4/5) D:14
 Depths (3/4) D:15        Ossuary (visited)
  Crypt: Vaults:2-3

Altars:
Ashenzari
Cheibriados
Fedhas
Gozag
Kikubaaqudgha
Makhleb
Nemelex Xobeh
Qazlal
Ru
Sif Muna
Trog
Uskayaw
Vehumet
Wu Jian
Xom
Yredelemnul
Lugonu

Shops:
D:8 :   D:9 *   D:11 =   D:14 *   Orc:2 =(![   Elf:3 (   Shoals:4 :
Vaults:2 :   Depths:1 =   Depths:3 (

Portals:
Hell: Depths:1 Depths:2 Depths:3
Abyss: Orc:1 Depths:2 Depths:3
Pandemonium: Depths:1 Depths:2

Annotations:
D:9 3 runed translucent doors, Strewth's ghost, novice MiBe
Lair:6 exclusion: obsidian statue
Shoals:4 Roxanne
Spider:2 exclusion: oklob plant
Orc:1 2 transporters, exclusion: downstairs, Hazorath's ghost, journeyman TrBe
Elf:2 3 runed translucent doors
Vaults:2 Jory
Vaults:3 Mara; Sojobo
Depths:2 1 exclusion
Depths:3 Mennas


Innate Abilities, Weirdness & Mutations

You do not regenerate when monsters are visible.


Message History

* * * LOW HITPOINT WARNING * * *
The deep elf archer convulses!
The deep elf sorcerer convulses!
The deep elf sorcerer hits your deep elf sorcerer zombie with a +0 dagger!
Something closely misses your deep elf sorcerer zombie.
You slice the Brimstone Fiend!!
The Brimstone Fiend is heavily wounded.
The deep elf sorcerer hits your deep elf sorcerer zombie with a +0 dagger!
The deep elf sorcerer mumbles some strange words.
The deep elf sorcerer seems to speed up.
Your deep elf sorcerer zombie hits the deep elf sorcerer.
The deep elf sorcerer dies!
You block the Brimstone Fiend's attack.
The Brimstone Fiend hits you but does no damage.
The Brimstone Fiend hits you.
* * * LOW HITPOINT WARNING * * *
You hit the Brimstone Fiend.
The Brimstone Fiend is heavily wounded.
The deep elf sorcerer hits your deep elf sorcerer zombie with a +0 dagger!
Your deep elf sorcerer zombie is destroyed!
The deep elf high priest calls down the wrath of its god upon you.
Something smites you!
* * * LOW HITPOINT WARNING * * *
The Brimstone Fiend calls on the powers of darkness!
The deep elf high priest convulses!
Your body is wracked with pain!
* * * LOW HITPOINT WARNING * * *
The deep elf archer convulses!
The deep elf demonologist convulses!
The deep elf sorcerer convulses!
The deep elf sorcerer shouts!
You slice the Brimstone Fiend!!
The Brimstone Fiend is heavily wounded.
The deep elf high priest mumbles some strange prayers to its god.
The deep elf high priest begins emitting a brilliant aura!
The deep elf sorcerer is empowered by the deep elf high priest's aura!
The deep elf demonologist is empowered by the deep elf high priest's aura!
The deep elf knight is empowered by the deep elf high priest's aura!
The Brimstone Fiend gestures at you.
The sphere of damnation explodes!
The damnation engulfs you!!
You die...
Your body rises from the dead as a mindless zombie. #.Ee...## ##.Ee...# ##eE....... #....1.. #...e.. #e.ee #eEe

## ####)##.#
## #..#e#@.#
##.# #.#)#1.#
##.# #.)§ee.#
##.##
#..e)..#
##)##
#.e.)..###.##
###.#)###.##
#..#...##
##.#..).###
#..#...)#.#


You could see a Brimstone Fiend (summoned), a deep elf sorcerer (fast,
empowered, drained), a deep elf demonologist (empowered), a deep elf knight
(fast, empowered, invisible) and a deep elf high priest (brilliance aura).

Vanquished Creatures
  Saint Roka (Orc:2)
  the Enchantress (Depths:3)
  Nikola (Depths:2)
  Arachne (Spider:4)
  2 deep elf blademasters (Elf:3)
  2 deep elf master archers (Elf:3)
  Frances (D:14)
  Gastronok (Lair:3)
  A sphinx (Vaults:3)
  Polyphemus (Shoals:2)
  3 tengu reavers
  Kirke (Shoals:4)
  A fire giant (Depths:3)
  2 ghost moths (Spider:4)
  6 deep elf sorcerers (Elf:3)
  2 frost giants
  A balrug (Depths:1)
  Louise (D:14)
  3 vault wardens (Vaults:2)
  An orc warlord (Vaults:2)
  An emperor scorpion (Spider:4)
  5 deep elf elementalists (Elf:3)
  A spriggan defender (Depths:3)
  8 ironbound preservers
  15 very ugly things
  3 stone giants
  An ironbound thunderhulk (Vaults:3)
  A vampire knight (Depths:3)
  3 dire elephants
  4 deep elf demonologists (Elf:3)
  2 spark wasps (Spider:4)
  3 entropy weavers
  2 deep elf annihilators (Elf:3)
  3 ettins
  7 deep elf death magi
  4 merfolk impalers
  5 merfolk javelineers (Shoals:4)
  2 yaktaur captains (Vaults:2)
  A fire dragon (Depths:1)
  4 great orbs of eyes
  4 deep elf high priests (Elf:3)
  2 rakshasas
  Fannar (Lair:1)
  Harold (D:11)
  4 vault guards (Vaults:2)
  2 spriggan air magi (Depths:3)
  5 centaur warriors
  10 hydras
  5 catoblepae
  4 boulder beetles
  3 ironbound frosthearts (Vaults:2)
  4 ice dragons
  An ogre mage (D:14)
  4 alligator snapping turtles
  4 merfolk aquamancers
  3 satyrs
  16 dancing weapons
  5 merfolk avatars
  4 orc high priests
  8 tengu warriors
  A deep troll shaman (Depths:2)
  8 two-headed ogres
  Urug (Orc:2)
  12 death yaks
  A hell hog (Depths:3)
  A vampire mage (Depths:3)
  3 spriggan berserkers
  Sonja (D:10)
  A fire crab (D:15)
  4 iron trolls
  10 deep elf knights
  A spectral death yak (Lair:6)
  10 hell knights
  3 soul eaters
  4 skeletal warriors
  A salamander mystic (Depths:2)
  10 sea snakes
  A glowing orange brain (Depths:3)
  A spectral anaconda (Lair:6)
  25 deep trolls
  9 wizards
  10 harpies
  6 ironbound convokers
  12 deep elf archers
  27 deep elf pyromancers
  5 necromancers
  5 lindwurms
  2 orb spiders
  10 orc knights
  20 deep elf zephyrmancers
  36 ugly things
  14 wolf spiders
  6 fauns
  A manticore (shapeshifter) (D:15)
  5 manticores
  2 salamanders (Depths:2)
  6 cyclopes
  17 elephants
  A dire elephant zombie (Lair:6)
  7 merfolk sirens
  3 centaur zombies
  A smoke demon (Depths:2)
  5 water nymphs
  6 black mambas
  11 vault sentinels
  10 cane toads
  2 torpor snails
  3 gargoyles
  A rime drake (Lair:3)
  2 unseen horrors (D:13)
  A dire elephant skeleton (Lair:6)
  A komodo dragon (shapeshifter) (Depths:3)
  9 yaktaurs
  Psyche (D:11)
  8 komodo dragons
  5 tengu conjurers
  7 demonic crawlers
  21 jumping spiders
  3 polar bears
  22 merfolk
  5 trolls
  A troll (shapeshifter) (Elf:2)
  Grinder (D:6)
  A polar bear (shapeshifter) (D:14)
  5 hornets
  5 wind drakes
  9 snapping turtles
  11 blink frogs
  21 slime creatures
  7 dream sheep
  2 meliai zombies (D:12)
  Sigmund (D:4)
  An air elemental (Elf:2)
  4 spriggans
  9 tarantellas
  3 shadows
  5 wyverns
  A wraith (D:12)
  32 redbacks
  2 elf zombies (Elf:3)
  2 hogs (Shoals:4)
  16 water elementals
  33 yaks
  A basilisk (Lair:3)
  4 fire elementals
  3 vampire mosquitoes (D:13)
  A spectral cane toad (Lair:6)
  5 wargs
  12 water moccasins
  A death yak simulacrum (Lair:6)
  2 acid dragons (D:14)
  A two-headed ogre zombie (D:11)
  29 orc warriors
  A sky beast (D:8)
  2 ice beasts
  A necrophage (D:6)
  An elephant zombie (Lair:6)
  12 centaurs
  5 boggarts (D:14)
  11 wolves
  8 ogres
  A kobold brigand (D:6)
  A gnoll sergeant (D:8)
  10 bullfrogs
  6 scorpions
  A wyvern zombie (D:8)
  2 earth elementals (Elf:2)
  7 water moccasin zombies (Ossuary)
  A wyvern skeleton (D:6)
  5 troll zombies (D:11)
  12 wights
  2 electric eels (D:7)
  3 jellies
  5 hounds
  A bullfrog skeleton (D:5)
  23 orc priests
  20 orc wizards
  A centaur skeleton (D:5)
  7 iguanas
  2 killer bee zombies
  2 ogre zombies (D:11)
  A howler monkey zombie (D:10)
  4 mummies
  11 gnolls
  14 adders
  A river rat (D:3)
  A white imp (D:6)
  An ufetubus (D:5)
  6 adder zombies (Ossuary)
  4 worms
  3 dart slugs
  57 orcs
  5 bats
  4 endoplasms
  6 giant cockroaches
  4 goblins
  3 hobgoblins
  4 jackals
  6 kobolds
  2 quokkas
  6 ball pythons
  2 frilled lizards (D:3)
  2 gnoll zombies (Ossuary)
  3 goblin zombies (D:11)
  A hobgoblin skeleton (D:11)
  9 hobgoblin zombies
  5 kobold zombies (Ossuary)
  4 orc skeletons (D:11)
  17 orc zombies
  10 rats
1205 creatures vanquished.

Vanquished Creatures (collateral kills)
  Bai Suzhen (Depths:2)
  Margery (Vaults:2)
  Frederick (Vaults:2)
  A lich (Vaults:1)
  A deep elf master archer (Elf:3)
  The ghost of Pauttozis the Markscentaur, an adept CeHu of Okawaru (Spider:3)
  A tengu reaver (Depths:2)
  Ilsuiw (Shoals:2)
  A frost giant (Depths:1)
  Aizul (Spider:3)
  3 deep elf sorcerers (Elf:3)
  A balrug (Depths:1)
  2 spriggan defenders (Depths:3)
  4 very ugly things
  2 ironbound thunderhulks (Vaults:1)
  A stone giant (Depths:1)
  A dire elephant (Vaults:1)
  A deep elf demonologist (Elf:3)
  A deep elf annihilator (Elf:3)
  An entropy weaver (Spider:2)
  A merfolk javelineer (Shoals:4)
  A deep elf death mage (Elf:3)
  2 merfolk impalers (Shoals:4)
  A very ugly thing zombie (Depths:3)
  A great orb of eyes (Vaults:2)
  3 fire dragons
  A yaktaur captain (Vaults:1)
  A hell beast (Depths:3)
  2 ice dragons
  8 hydras
  2 boulder beetles
  2 merfolk aquamancers
  2 two-headed ogres
  A satyr (Shoals:4)
  A dancing weapon (Elf:2)
  A catoblepas (D:15)
  5 death yaks
  A deep troll earth mage (Depths:2)
  2 orc high priests (Orc:2)
  2 tengu warriors (Depths:1)
  3 hell knights
  A deep elf knight (Elf:1)
  A skeletal warrior (D:15)
  A spriggan rider (Depths:2)
  A kraken simulacrum (Shoals:4)
  11 deep trolls
  5 sea snakes
  2 deep elf archers
  3 ironbound convokers
  A lindwurm (Vaults:2)
  A wolf spider zombie (Spider:2)
  5 wizards
  3 orc knights
  3 deep elf pyromancers
  16 wolf spiders
  A stone giant zombie (Depths:3)
  2 deep elf zephyrmancers (Elf:2)
  5 harpies
  11 ugly things
  2 fauns
  18 orb spiders
  An orc sorcerer (Elf:2)
  6 manticores
  3 cyclopes
  2 black mambas (Lair:6)
  3 elephants (Lair:6)
  8 merfolk sirens
  2 torpor snails (Spider:2)
  A water nymph (Shoals:3)
  2 naga magi (Vaults:1)
  An unseen horror (D:13)
  6 cane toads
  4 yaktaurs
  A tengu conjurer (Depths:1)
  8 demonic crawlers
  3 komodo dragons
  12 merfolk
  4 wind drakes
  27 jumping spiders
  A polar bear (shapeshifter) (Elf:1)
  3 hornets
  A snapping turtle (Shoals:4)
  4 blink frogs
  6 slime creatures
  An air elemental (Elf:3)
  3 wyverns
  A fire elemental (Depths:2)
  40 redbacks
  6 yaks
  A spriggan (Depths:3)
  4 basilisks
  15 tarantellas
  5 water elementals
  A spectral cane toad (Lair:6)
  6 acid dragons
  11 orc warriors (Orc:2)
  An ogre (Orc:1)
  2 centaurs
  A black bear (Lair:2)
  7 wolves
  2 bullfrogs
  A scorpion (D:10)
  An elephant simulacrum (Lair:6)
  An electric eel (Spider:1)
  A centaur zombie (D:8)
  5 orc priests
  A hound (D:7)
  An orc wizard (Orc:1)
  A howler monkey zombie (D:7)
  4 adders (Lair:4)
  17 orcs
  2 orc zombies (D:11)
  A tentacle (Shoals:4)
415 creatures vanquished.

Vanquished Creatures (others)
  3 very ugly thing zombies
  Arachne zombie (Spider:4)
  A spectral dire elephant (Vaults:1)
  A merfolk aquamancer (Shoals:3)
  A spectral entropy weaver (Spider:4)
  3 spectral alligator snapping turtles
  A sphinx zombie (Vaults:3)
  3 wolf spider zombies
  15 ugly thing zombies
  A hell hog zombie (Depths:3)
  A stone giant zombie (Depths:1)
  A wolf spider (Spider:4)
  2 spectral great orbs of eyes (Depths:1)
  8 spectral slime creatures
  A spectral soul eater (Depths:2)
  An iron troll zombie (Depths:2)
  A demonic crawler (Spider:3)
  A death yak zombie (Lair:6)
  18 redback zombies
  6 sea snake zombies
  2 catoblepas zombies
  3 harpy zombies
  A spectral glowing orange brain (Depths:3)
  4 hydra zombies
  3 demonic crawler zombies
  A boulder beetle zombie (D:14)
  3 ice dragon zombies
  A snapping turtle (Shoals:3)
  16 jumping spider zombies
  5 tarantella zombies
  A redback (Spider:4)
  3 satyr zombies
  2 black mamba zombies
  4 wind drake zombies
  A spectral hell beast (Depths:3)
  3 humans (Shoals:4)
  5 cane toad zombies
  A faun zombie (Shoals:4)
  2 two-headed ogre zombies (D:14)
  A warg (Elf:2)
  4 water nymph zombies (Shoals:3)
  9 deep troll zombies
  4 orb spider zombies
  21 merfolk zombies
  33 elf zombies
  2 snapping turtle zombies (Shoals:4)
  A dream sheep zombie (Shoals:1)
  2 manticore zombies (Shoals:4)
  3 lindwurm zombies
  8 elephant zombies
  3 blink frog zombies
  5 hornet zombies
  18 human zombies
  2 hog zombies (Shoals:4)
  A torpor snail zombie (Spider:2)
  7 yaktaur zombies
  A komodo dragon zombie (Lair:3)
  A rime drake zombie (Lair:3)
  2 salamander zombies (Depths:2)
  2 wyvern zombies
  2 cyclops zombies (D:14)
  2 tengu zombies
  6 water moccasin zombies
  A warg zombie (Orc:2)
  A polar bear zombie (D:14)
  8 yak zombies
  2 spriggan zombies (Depths:2)
  A spectral ice beast (D:7)
  2 troll zombies
  7 wolf zombies
  7 bullfrog zombies
  5 centaur zombies
  3 basilisk zombies
  A spectral boggart (D:14)
  An orc priest (D:11)
  A scorpion zombie (D:10)
  2 spectral orcs (Orc:2)
  2 acid dragon zombies (Spider:2)
  2 ogre zombies
  A hound zombie (D:7)
  An iguana zombie (D:7)
  4 adder zombies (Lair:4)
  51 orc zombies
  2 orcs (Elf:2)
  2 bat zombies (D:10)
  4 gnoll zombies
  A rat zombie (D:11)
  A bush (Lair:5)
  71 fungi
  158 plants
  44 tentacles
  22 withered plants
679 creatures vanquished.

Grand Total: 2299 creatures vanquished

Notes
Turn   | Place    | Note
-------+----------+-------------------------------------------
     0 | D:1      | dolemite99 the Hill Orc Fighter began the quest for the
                  | Orb.
     0 | D:1      | Reached XP level 1. HP: 19/19 MP: 1/1
   443 | D:1      | Reached XP level 2. HP: 4/26 MP: 2/2
  1340 | D:2      | Reached XP level 3. HP: 24/31 MP: 3/3
  1786 | D:2      | Reached skill level 5 in Axes
  2302 | D:3      | Reached XP level 4. HP: 27/39 MP: 4/4
  2785 | D:3      | Reached XP level 5. HP: 6/45 MP: 5/5
  4074 | D:4      | Reached XP level 6. HP: 18/51 MP: 6/6
  4402 | D:4      | Noticed Sigmund
  4430 | D:4      | Killed Sigmund
  4431 | D:4      | Reached XP level 7. HP: 39/57 MP: 7/7
  4607 | D:4      | Reached skill level 10 in Axes
  5150 | D:5      | Entered Level 5 of the Dungeon
  5355 | D:5      | Found a staircase to the Ecumenical Temple.
  5919 | D:5      | Reached XP level 8. HP: 50/64 MP: 8/8
  7061 | D:6      | Found a sand-covered staircase.
  7072 | Ossuary  | Entered an ossuary
  7459 | Ossuary  | Reached XP level 9. HP: 56/70 MP: 9/9
  7554 | Ossuary  | Identified a scroll of acquirement
  7554 | Ossuary  | Acquired a +0 broad axe of electrocution
  7785 | D:6      | Reached skill level 15 in Axes
  8700 | D:6      | Noticed Grinder
  8708 | D:6      | Killed Grinder
  8953 | Temple   | Entered the Ecumenical Temple
  9123 | Temple   | Became a worshipper of Yredelemnul the Dark
  9291 | D:7      | Reached * piety under Yredelemnul
  9413 | D:7      | Reached ** piety under Yredelemnul
  9604 | D:7      | Noticed a troll
  9632 | D:7      | Killed a troll
  9633 | D:7      | Reached XP level 10. HP: 69/77 MP: 10/10
 10306 | D:8      | Reached skill level 5 in Fighting
 10476 | D:8      | Noticed a two-headed ogre
 10566 | D:8      | Killed a two-headed ogre
 10784 | D:8      | Found Qoduz's Book Shoppe.
 11662 | D:9      | Found Gozag's Platinum Reserve.
 11811 | D:9      | Found an opulent altar of Gozag.
 11933 | D:9      | Found a staircase to the Lair.
 11940 | D:9      | Reached skill level 5 in Armour
 12024 | D:9      | Found a runed translucent gate.
 12024 | D:9      | Found a runed translucent gate.
 12025 | D:9      | Found a runed translucent gate.
 12025 | D:9      | Noticed a spectral centaur warrior
 12027 | D:9      | Noticed Strewth's ghost (novice MiBe)
 12027 | D:9      | Noticed a spectral centaur warrior
 12347 | D:10     | Entered Level 10 of the Dungeon
 12637 | D:10     | Reached XP level 11. HP: 52/94 MP: 11/11
 12962 | D:10     | Reached skill level 1 in Invocations
 12970 | D:10     | Reached *** piety under Yredelemnul
 13219 | D:10     | Noticed Sonja
 13253 | D:10     | Killed Sonja
 13543 | D:11     | Noticed Harold
 13550 | D:11     | Reached skill level 5 in Invocations
 13564 | D:11     | Killed Harold
 13568 | D:11     | Noticed a boulder beetle
 13587 | D:11     | Killed a boulder beetle
 13929 | D:11     | Found a staircase to the Orcish Mines.
 13944 | D:11     | Your ally Harold died
 14388 | D:11     | Found Tuic's One-of-a-Kind Rings.
 14455 | D:11     | Noticed Psyche
 14466 | D:11     | Killed Psyche
 14958 | D:11     | Reached skill level 10 in Invocations
 15142 | D:11     | Noticed a cyclops
 15149 | D:11     | Killed a cyclops
 15509 | D:12     | Noticed a cyclops
 15514 | D:12     | Noticed a cyan ugly thing
 15516 | D:12     | Killed a cyclops
 15533 | D:12     | Killed a cyan ugly thing
 15989 | Lair:1   | Entered Level 1 of the Lair of Beasts
 16122 | Lair:1   | Noticed Fannar
 16145 | Lair:1   | Killed Fannar
 16146 | Lair:1   | Reached XP level 12. HP: 62/104 MP: 20/20
 16350 | Lair:1   | Found a hide-covered altar of Uskayaw.
 16799 | Lair:1   | Found an ornate altar of the Wu Jian Council.
 16799 | Lair:1   | Noticed a boulder beetle
 16816 | Lair:1   | Killed a boulder beetle
 16817 | Lair:1   | Reached skill level 10 in Fighting
 16976 | Lair:1   | Reached **** piety under Yredelemnul
 16976 | Lair:1   | Noticed a four-headed hydra
 16985 | Lair:1   | Killed a four-headed hydra
 16986 | Lair:1   | Reached skill level 10 in Armour
 17761 | Lair:2   | Found a hole to the Spider Nest.
 19056 | Lair:3   | Noticed Gastronok
 19093 | Lair:3   | Killed Gastronok
 19094 | Lair:3   | Reached XP level 13. HP: 106/119 MP: 21/21
 20655 | Lair:3   | Identified the +5 glaive of the Howling Blowfly {protect,
                  | rElec Int+7 Dex-4 SInv}
 20665 | Lair:3   | Identified the +7 crystal plate armour "Dampidde" {Contam
                  | Rampage rElec Regen+}
 21019 | Lair:4   | Reached skill level 5 in Shields
 21424 | Lair:4   | Reached ***** piety under Yredelemnul
 21483 | Lair:4   | Found a staircase to the Shoals.
 21650 | Lair:4   | Reached skill level 15 in Fighting
 21729 | Lair:4   | Reached XP level 14. HP: 135/135 MP: 22/22
 22048 | Lair:5   | Found a staircase to the Slime Pits.
 22307 | Lair:5   | Reached ****** piety under Yredelemnul
 22787 | Lair:6   | Entered Level 6 of the Lair of Beasts
 22935 | Lair:6   | Noticed a dire elephant
 23058 | Lair:6   | Reached skill level 10 in Shields
 23758 | Lair:6   | Reached XP level 15. HP: 111/145 MP: 23/23
 24644 | Orc:1    | Entered Level 1 of the Orcish Mines
 24709 | Orc:1    | Found a transporter.
 25076 | Orc:1    | Found a transporter.
 25168 | Orc:1    | Found a one-way gate to the infinite horrors of the Abyss.
 25168 | Orc:1    | Noticed Hazorath's ghost (journeyman TrBe)
 25256 | Orc:2    | Entered Level 2 of the Orcish Mines
 25256 | Orc:2    | Noticed Saint Roka
 25256 | Orc:2    | Found a staircase to the Elven Halls.
 25557 | Orc:2    | Noticed Urug
 25570 | Orc:2    | Killed Urug
 25612 | Orc:2    | Killed Saint Roka
 26103 | Orc:2    | Your ally Urug died
 26168 | Orc:2    | Reached skill level 15 in Shields
 26438 | Orc:2    | Found Tiofauz's Armour Boutique.
 26439 | Orc:2    | Found Mangif's Jewellery Boutique.
 26439 | Orc:2    | Found Teush's Antique Weapon Shop.
 26440 | Orc:2    | Found Ekhut's Distillery.
 26472 | Orc:2    | Bought the amulet "Aqockuth" {Will+ Regen+} for 468 gold
                  | pieces
 26482 | Orc:2    | Bought the ring of Qecwotha {Dex+3 Slay+4} for 1004 gold
                  | pieces
 26485 | Orc:2    | Bought a ring of protection from fire for 275 gold pieces
 26498 | Orc:2    | Bought a potion of invisibility for 112 gold pieces
 26498 | Orc:2    | Bought a potion of cancellation for 112 gold pieces
 26498 | Orc:2    | Bought a potion of heal wounds for 70 gold pieces
 26498 | Orc:2    | Bought a potion of curing for 42 gold pieces
 26498 | Orc:2    | Bought a potion of haste for 140 gold pieces
 26498 | Orc:2    | Bought a potion of lignification for 42 gold pieces
 26498 | Orc:2    | Bought a potion of lignification for 42 gold pieces
 26498 | Orc:2    | Bought a potion of flight for 42 gold pieces
 27629 | D:13     | Identified the +4 hunting sling "Pisucs" {flame, rCorr
                  | Int+3 Dex+4}
 28198 | D:14     | Reached XP level 16. HP: 148/152 MP: 24/24
 28469 | D:13     | Reached skill level 15 in Armour
 28774 | D:14     | Noticed Frances
 28788 | D:14     | Killed Frances
 28824 | D:14     | Noticed Louise
 28837 | D:14     | Killed Louise
 28920 | D:14     | Your ally Louise died
 29450 | D:14     | Found Atoruni's Assorted Antiques.
 29459 | D:14     | Bought a potion of heal wounds for 125 gold pieces
 29459 | D:14     | Bought a scroll of teleportation for 75 gold pieces
 29459 | D:14     | Bought a scroll of fog for 50 gold pieces
 29492 | D:14     | Found a gate to the Vaults.
 29948 | D:15     | Entered Level 15 of the Dungeon
 30531 | D:15     | Found a frozen archway.
 30737 | D:15     | Found a staircase to the Depths.
 30949 | D:15     | Upgraded the game from 0.28-a0-1143-gcf6077d4cc to
                  | 0.28-a0-1152-g9c71ebef14
 31179 | Shoals:1 | Entered Level 1 of the Shoals
 31196 | Shoals:1 | Reached skill level 1 in Evocations
 31286 | Shoals:1 | Identified the +6 long sword of Meyrch {vorpal, +Blink
                  | Str+2}
 31315 | Shoals:1 | You fall into a shaft and drop 1 floor!
 31321 | Shoals:1 | Noticed a kraken
 31350 | Shoals:1 | Reached XP level 17. HP: 127/159 MP: 25/25
 31399 | Shoals:1 | Reached skill level 5 in Evocations
 31676 | Shoals:2 | Noticed Ilsuiw
 31734 | Shoals:2 | Killed Ilsuiw
 31736 | Shoals:2 | Noticed Polyphemus
 31764 | Shoals:2 | Killed Polyphemus
 33124 | Shoals:3 | Reached skill level 15 in Invocations
 33487 | Shoals:1 | Reached skill level 1 in Slings
 33938 | Orc:2    | Bought the +3 Mad Mage's Maulers {Infuse+∞ RegenMP Int-3}
                  | for 680 gold pieces
 33938 | Orc:2    | Found the +3 Mad Mage's Maulers {Infuse+∞ RegenMP Int-3}
 33956 | Orc:2    | Gained mutation: You do not regenerate when monsters are
                  | visible. [mutagenic glow]
 34108 | Spider:1 | Entered Level 1 of the Spider Nest
 34823 | Spider:1 | Reached XP level 18. HP: 111/168 MP: 29/29
 36434 | Spider:3 | Noticed Aizul
 36449 | Spider:3 | Killed Aizul
 36493 | Spider:3 | Found a runed translucent door.
 36493 | Spider:3 | Noticed Pauttozis's ghost (adept CeHu)
 36509 | Spider:3 | Killed Pauttozis's ghost
 36696 | Spider:3 | Acquired the ring "Usueseyt" {rCorr Int+6}
 37025 | Spider:4 | Entered Level 4 of the Spider Nest
 37135 | Spider:4 | Noticed Arachne
 37174 | Spider:4 | Killed Arachne
 37654 | Spider:4 | Your ally Arachne died
 38841 | Spider:4 | Reached XP level 19. HP: 171/180 MP: 32/32
 38928 | Spider:4 | Got a gossamer rune of Zot
 39205 | Vaults:1 | Entered Level 1 of the Vaults
 40448 | Vaults:1 | Found the +5 robe of Night {Dark Will+ SInv}
 40451 | Vaults:1 | Identified the +0 hat "Inec" {Harm Regen+ Dex-2 Slay+2}
 40464 | Vaults:1 | Found a radiant altar of Vehumet.
 40464 | Vaults:1 | Found the +3 robe of Clouds {*Thunder rCloud rElec}
 40515 | Vaults:1 | Identified the +1 hat of Plog {Dex+7}
 40752 | Vaults:2 | Noticed Margery
 41298 | Vaults:2 | Noticed Frederick
 41315 | Vaults:2 | Killed Frederick
 41315 | Vaults:2 | Identified the +1 robe of the Everdark {Rampage rN++}
 41326 | Vaults:2 | Killed Margery
 41747 | Vaults:2 | Reached XP level 20. HP: 190/195 MP: 34/34
 41799 | Vaults:2 | You fall into a shaft and drop 2 floors!
 41856 | Vaults:4 | Acquired a manual of Shields
 42003 | Vaults:3 | Noticed Sojobo
 42643 | Vaults:2 | Found Fanuular's Book Boutique.
 43119 | Vaults:3 | Noticed Jory
 43132 | Vaults:3 | Noticed Mara
 43768 | Shoals:4 | Entered Level 4 of the Shoals
 44174 | Shoals:4 | Noticed Kirke
 44181 | Shoals:4 | Killed Kirke
 44223 | Shoals:4 | Your ally Kirke died
 44519 | Shoals:4 | Noticed Roxanne
 44622 | Shoals:4 | Found Xelein's Book Boutique.
 44951 | Shoals:4 | Got a barnacled rune of Zot
 45487 | Elf:1    | Entered Level 1 of the Elven Halls
 46067 | Elf:1    | Reached XP level 21. HP: 209/209 MP: 36/36
 47104 | Elf:2    | Paralysed by an air elemental for 1 turns
 47107 | Elf:2    | Paralysed by an air elemental for 1 turns
 47191 | Elf:2    | Upgraded the game from 0.28-a0-1152-g9c71ebef14 to
                  | 0.28-a0-1159-g27aa881441
 47335 | Elf:2    | Found a runed translucent gate.
 47335 | Elf:2    | Found a runed translucent gate.
 47335 | Elf:2    | Found a runed translucent gate.
 47905 | Depths:1 | Entered Level 1 of the Depths
 48011 | Depths:1 | Found Sobude's Jewellery Shop.
 48121 | Depths:1 | Bought the amulet "Nofud" {RegenMP rPois rF+ rN+ Str-3} for
                  | 829 gold pieces
 48135 | Depths:1 | Found a sparkling altar of Nemelex Xobeh.
 48664 | Depths:1 | Found a one-way gate leading to the halls of Pandemonium.
 48860 | Depths:1 | Found an opulent altar of Gozag.
 49038 | Depths:1 | Found a gateway to Hell.
 49323 | Depths:2 | Identified the +0 chain mail of the Arena {Will+}
 49786 | Depths:2 | Noticed Nikola
 49796 | Depths:2 | Killed Nikola
 49937 | Depths:2 | Noticed Bai Suzhen
 49959 | Depths:2 | Killed Bai Suzhen
 50007 | Depths:2 | HP: 8/212 [ice dragon/blast of cold (14)]
 50601 | Depths:2 | Found a corrupted altar of Lugonu.
 50736 | Depths:2 | Found a sacrificial altar of Ru.
 51116 | Depths:3 | Found Atar's Weapon Shop.
 51122 | Depths:3 | Bought 5 atropa-tipped darts for 51 gold pieces
 51122 | Depths:3 | Bought 5 atropa-tipped darts for 51 gold pieces
 51151 | Depths:3 | Reached XP level 22. HP: 206/220 MP: 37/37
 51188 | Depths:3 | Reached skill level 1 in Throwing
 51439 | Depths:3 | Identified the +7 trident "Irphoniull" {vamp, rPois rN+
                  | MP+9}
 52056 | Depths:3 | Noticed Mennas
 52142 | Depths:3 | Reached skill level 5 in Throwing
 52349 | Depths:3 | Noticed the Enchantress
 52393 | Depths:3 | Killed the Enchantress
 52756 | Elf:3    | Entered Level 3 of the Elven Halls
 52894 | Elf:3    | Found Miho's Antique Weapon Boutique.
 54260 | Elf:3    | Paralysed by an air elemental for 1 turns
 54268 | Elf:3    | Paralysed by an air elemental for 1 turns
 54393 | Elf:3    | Identified the +6 chain mail of Howling Wind {rN+ Will+
                  | MP-9 Dex+7}
 54403 | Elf:3    | Identified the +6 falchion of Susaqass {vorpal, rPois Will+
                  | MP+9 SInv}
 54828 | Elf:3    | Reached skill level 10 in Throwing
 55070 | Elf:3    | Identified the +6 whip "Tarac" {vamp, Str+4 Dex+4}
 55119 | Elf:3    | Killed from afar by a Brimstone Fiend

Illustrated notes

Levels and vault maps discovered:
D:1:      minmay_arrival_nine_rooms, layout_basic
D:2:      layout_basic, serial_forest, infiniplex_forest_end_2,
          infiniplex_forest_lined_room_3, infiniplex_forest_lined_2,
          infiniplex_forest_straight_2, infiniplex_forest_straight_4,
          infiniplex_forest_clump_small, infiniplex_forest_lined_corner
D:3:      layout_rooms, gup_sewer_entry_spiral, st_stairs_10
D:4:      layout_basic, minmay_starry_boxes, uniq_sigmund
D:5:      layout_loops_ring, minmay_temple_entry_statues_fountains,
          minmay_increasing_density
D:6:      kb_forest_paths, layout_basic, lightli_ossuary_entry_decrepit_ruins,
          st_stairs_6, uniq_grinder
D:7:      layout_loops_ring, serial_bayou, serial_bayou_pond_c,
          serial_bayou_shore_a, serial_bayou_shore_b, serial_bayou_pond_a,
          grunt_decor_arrowhead
D:8:      nicolae_cairo_tiling_large_dashed, layout_loops_ring, serial_shops,
          shop
D:9:      layout_basic, nicolae_gozag_zags_fifth_avenue, lair_entry_dummy,
          gammafunk_ghost_necromancy
D:10:     old_forge, layout_rooms, uniq_sonja
D:11:     layout_rooms, zombieorc2_lemuel, nicolae_shop_unique_rings,
          minivault_11, uniq_harold, uniq_psyche
D:12:     layout_loops_corners, serial_undead, serial_undead_e, serial_undead_f,
          serial_undead_b, serial_undead_f, serial_undead_e, serial_undead_e
D:13:     layout_loops_cross, minmay_orc_keep
D:14:     minmay_the_grid_square_5x5_3x3 [minmay_the_grid_square_5x5_c,
          minmay_the_grid_square_5x5_bracketed,
          minmay_the_grid_square_5x5_three_walls,
          minmay_the_grid_square_5x5_inset,
          minmay_the_grid_square_5x5_megaprize_hollow,
          minmay_the_grid_square_5x5_minibox,
          minmay_the_grid_square_5x5_misaligned,
          minmay_the_grid_square_5x5_broken_cross,
          minmay_the_grid_square_5x5_shrine2], layout_stronghold,
          skrybe_vaults_entry_preservation, serial_shops, shop,
          chequers_mini_garden, uniq_frances, uniq_louise
D:15:     grunt_enter_depths_snipers, layout_layer_cave,
          portal_ice_cave_entry_pillars_three
Temple:   mainiacjoe_temple_trianglar_array
Lair:1:   layout_regular_city, nzn_masters_of_martial_movement,
          infiniplex_staircase_pool_2, uniq_fannar
Lair:2:   layout_gridlike, spider_nest_entry_web_field, forest_entry_grove,
          wad_woods_river_01
Lair:3:   nzn_winding_woodlands_stair_trap [nzn_winding_woodlands_5x15_sawtooth,
          nzn_winding_woodlands_5x15_split_checker,
          nzn_winding_woodlands_5x15_crooked,
          nzn_winding_woodlands_15x15_five_gardens,
          nzn_winding_woodlands_5x15_jagged, nzn_winding_woodlands_5x15_default,
          nzn_winding_woodlands_5x15_cabin], layout_cave_shapes,
          guppyfry_lair_drakes, uniq_gastronok
Lair:4:   minmay_lair_venomous_thicket, layout_gridlike,
          elwin_shoals_entry_stream, grunt_megastairs_1
Lair:5:   layout_roguey, slime_dummy
Lair:6:   due_jungle_book, layout_cave_pods, lookout_lair_type
Shoals:1: layout_shoals, nicolae_shoals_square_sea_wall,
          nicolae_shoals_lost_giant_baths,
          nicolae_shoals_siren_and_animal_friends
Shoals:2: layout_shoals, uniq_ilsuiw, uniq_polyphemus
Shoals:3: layout_shoals, abandoned_shop, nicolae_shoals_water_shrine
Shoals:4: shoals_end_grunt_ice, layout_shoals, serial_shops,
          nicolae_diamond_shop, uniq_kirke, uniq_roxanne
Spider:1: layout_spider_delve, guppyfry_spider_mini_2
Spider:2: layout_spider_delve, nicolae_spider_acid_house
Spider:3: layout_spider_delve, gammafunk_ghost_grave, uniq_aizul
Spider:4: grunt_spider_rune_parallel, uniq_arachne
Orc:1:    layout_caves, gammafunk_ghost_abyssal_escape
Orc:2:    st_orc_pillars, layout_caves, mines2_lemuel, uniq_saint_roka,
          uniq_urug
Elf:1:    eino_elf_arrival_sip, layout_onion_city, evilmike_minifort
Elf:2:    elven_hall_of_blades_hangedman_original
          [nicolae_blade_entry_floor_patterns], layout_gridlike, uniq_agnes
Elf:3:    minmay_elf_hall_four_x, layout_geoelf_octagon, serial_shops, shop,
          ebering_dispersal_statue_hall
Vaults:1: ontoclasm_vaults_spin, nicolae_vaults_rhombus_6,
          nicolae_vaults_stairing_the_circle, grunt_tower_of_power,
          ontoclasm_vaults_ring_small, v_pattern_4, v_rooms_3, v_misc_27,
          nicolae_vaults_shelves_hall, layout_vaults_ring
Vaults:2: nicolae_vaults_big_ls, vaults_room_fours, vaults_mumra_hexcomb,
          vaults_standard_mumra_enter_the_diamond, v_alt_pattern_1,
          nicolae_vaults_gold_heap, v_alt_pattern_3, nicolae_vaults_rhombus_6,
          layout_vaults_omnigrid, serial_shops, nicolae_shop_trees,
          uniq_frederick, uniq_margery
Vaults:3: nicolae_vaults_network_quincunx
          [nicolae_vaults_network_quincunx_subvault,
          nicolae_vaults_network_quincunx_subvault,
          nicolae_vaults_network_quincunx_subvault,
          nicolae_vaults_network_quincunx_subvault,
          nicolae_vaults_network_quincunx_subvault],
          nicolae_vaults_bisected_inception, nicolae_vaults_circle_grid_b,
          hangedman_vaults_pinch, minmay_crypt_entry_necro_gods,
          grunt_vaults_hallway_long, vaults_room_grid,
          nicolae_vaults_specimen_jars, v_misc_10, v_alt_pattern_2,
          hangedman_vaults_hat, vaults_room_stairs_pillars,
          layout_vaults_omnibox, uniq_sojobo, uniq_mara, uniq_jory
Vaults:4: portal_desolation_entry_nicolae_slug, v_misc_2,
          nicolae_vaults_big_angled_halls, vaults_dpeg_diagonal,
          nicolae_vaults_angled_halls, ontoclasm_vaults_chip,
          hangedman_vaults_corner, ontoclasm_vaults_gallery, vaults_room_pool,
          grunt_vaults_focal, vaults_dpeg_doors,
          nicolae_vaults_mini_display_case, ontoclasm_vaults_ring_square,
          v_misc_23, vaults_room_corners, hangedman_vaults_stretched_pinwheel,
          nicolae_vaults_little_squares_6, vaults_room_stairs_pillars,
          layout_vaults_maze
Depths:1: layout_roguey, lemuel_statue_altar, pan_entry,
          pf_dread_powers_of_hell, nemelex_xobeh_ov_fountains_minmay,
          minmay_shop_star
Depths:2: cheibrodos_lost_city_excavation, layout_gridlike,
          abyss_entry_flame_altar, hellmouth_1, pan_entry,
          nicolae_ru_path_of_blood, infiniplex_staircase_river, uniq_nikola,
          uniq_bai_suzhen
Depths:3: grunt_bruiser_brothers, layout_gridlike, serial_shops, shop_fountains,
          grunt_mini_vestibule, abyss_entry_glasseish, serial_bayou_pond_a,
          kennysheep_generic_room_3, minmay_staircase_windowed_small,
          uniq_mennas, uniq_enchantress

Skill      XL: |  1  2  3  4  5  6  7  8  9 10 11 12 13 14 15 16 17 18 19 20 21 22 |
---------------+-------------------------------------------------------------------+-----
Axes           | 3 4 5 6 8 9 11 14 17 18 | 18.0
Fighting       | 8 9 12 15 16 18 20 22 23 | 23.4
Armour         | 7 8 11 12 14 18 19 | 19.2
Invocations    | 11 15 19 21 23 | 23.6
Shields        | 7 12 15 16 20 | 20.8
Evocations     | 3 6 |  6.0
Slings         | 4 |  4.0
Throwing       | 10 | 10.7

Action                   |  1- 3 |  4- 6 |  7- 9 | 10-12 | 13-15 | 16-18 | 19-21 | 22-24 || total
-------------------------+-------+-------+-------+-------+-------+-------+-------+-------++-------
Melee: War axe           |    92 |   114 |   224 |       |       |       |       |       ||   430
       Morningstar       |       |       |    24 |       |    64 |    37 |       |       ||   125
       Broad axe         |       |       |   100 |   479 |   756 |   793 |  1233 |   439 ||  3800
 Fire: Hunting sling     |       |       |       |       |       |    35 |    14 |       ||    49
Throw: Stone             |    21 |    12 |     4 |    18 |       |       |       |       ||    55
       Dart              |       |       |    23 |     1 |    35 |    63 |    34 |    20 ||   176
       Throwing net      |       |       |       |     1 |       |    10 |       |       ||    11
Invok: Dark Bargain      |       |       |       |     2 |     3 |     8 |     3 |     2 ||    18
       Bind Soul         |       |       |       |       |     1 |     2 |     3 |       ||     6
       Recall Undead Har |       |       |       |       |       |     5 |    16 |     2 ||    23
       Drain Life        |       |       |       |       |       |     1 |     1 |     1 ||     3
Evoke: Wand              |       |       |       |    11 |    22 |    27 |    18 |     8 ||    86
       Lightning rod     |       |       |       |       |       |     6 |    29 |    10 ||    45
       Phial of floods   |       |       |       |       |       |     1 |     5 |     1 ||     7
       Tin of tremorston |       |       |       |       |       |       |     5 |     4 ||     9
  Use: Scroll            |       |     4 |    13 |    11 |     8 |    21 |    16 |     7 ||    80
       Potion            |       |     3 |       |     4 |     3 |    25 |    24 |     3 ||    62
 Stab: Distracted        |       |       |       |     3 |     6 |    11 |    18 |     1 ||    39
       Held in net/web   |       |       |       |     1 |       |     4 |       |       ||     5
       Invisible         |       |       |       |     1 |       |    16 |     9 |       ||    26
       Paralysed         |       |       |       |       |     4 |     3 |       |       ||     7
       Petrified         |       |       |       |       |       |     8 |       |       ||     8
       Petrifying        |       |       |       |       |       |     3 |       |       ||     3
Armor: Scale mail        |    25 |       |       |       |       |       |       |       ||    25
       Ring mail         |     4 |    16 |       |       |       |       |       |       ||    20
       Chain mail        |       |    25 |   113 |       |       |       |       |       ||   138
       Plate armour      |       |       |    11 |   189 |    89 |   341 |     9 |       ||   639
       Crystal plate arm |       |       |       |       |   573 |   452 |   697 |   210 ||  1932
Dodge: Dodged            |    51 |    44 |   123 |   138 |   170 |   230 |   237 |    57 ||  1050
Block: Buckler           |    23 |    19 |    53 |    86 |    42 |       |       |       ||   223
       Kite shield       |       |       |       |       |   353 |   618 |   460 |       ||  1431
       Tower shield      |       |       |       |       |       |       |   278 |   368 ||   646

Table legend: (Time is in decaauts)
 A = Elapsed time spent in this place.
 B = Non-inter-level travel time spent in this place.
 C = Inter-level travel time spent in this place.
 D = Time resting spent in this place.
 E = Time spent auto-exploring this place.
 F = Levels seen in this place.
 G = Mean time per level.
                   A        B        C        D        E       F      G
               +--------+--------+--------+--------+--------+-----+--------+
         Total |  54701 |  50523 |   4178 |  11050 |  26653 |  43 | 1272.1 |
       Dungeon |  20720 |  18845 |   1875 |   4896 |  10253 |  15 | 1381.3 |
        Temple |    183 |    171 |     12 |      0 |    166 |   1 |  183.0 |
          Lair |   9671 |   8773 |    898 |   1812 |   5030 |   6 | 1611.8 |
        Shoals |   4445 |   4084 |    361 |    342 |   1955 |   4 | 1111.2 |
   Spider Nest |   4052 |   3884 |    168 |    906 |   1654 |   4 | 1013.0 |
  Orcish Mines |   2139 |   1797 |    342 |    270 |    951 |   2 | 1069.5 |
   Elven Halls |   4331 |   4159 |    172 |    971 |   2060 |   3 | 1443.7 |
        Vaults |   4133 |   3950 |    183 |    759 |   2071 |   4 | 1033.2 |
        Depths |   4544 |   4381 |    163 |   1090 |   2200 |   3 | 1514.7 |
       Ossuary |    478 |    478 |      0 |      0 |    310 |   1 |  478.0 |
               +--------+--------+--------+--------+--------+-----+--------+

Top non-repeatable levels by time:
  Lair:3: 2490 daAuts
   Elf:3: 2303 daAuts
Vaults:2: 2241 daAuts
  Lair:2: 2209 daAuts
Spider:4: 1972 daAuts
     D:4: 1917 daAuts
Depths:2: 1863 daAuts
    D:11: 1801 daAuts
    D:10: 1750 daAuts
  Lair:6: 1664 daAuts
     D:3: 1599 daAuts
Shoals:4: 1574 daAuts
    D:12: 1552 daAuts
Vaults:1: 1500 daAuts
     D:8: 1481 daAuts
